Map: Dash and Terminal LE (Void)

Players

pwnzr

  • Race: Protoss Protoss
  • League: Gold

wabbajack - Winner!

  • Race: Zerg Zerg
  • League: Gold

VOD

Have the link to the VOD?

Description

Time

  • Played on: July 21, 2015, 2:16 p.m.
  • Length: 5:48
Show
View Real Time Build Order
Export as new Build Order

pwnzr Protoss 

Build Orders: Double Forge 

Get SALT Encoding   

  12  0:01  Probe  
  13  0:15  Pylon  
  13  0:18  Probe  
  14  0:33  Probe (Chrono Boost)  
  16  0:43  Probe (Chrono Boost)  
  16  0:50  Probe  
  17  1:08  Probe  
  17  1:09  Nexus  
  18  1:15  Pylon  
  18  1:22  Probe  
  19  1:28  Pylon  
  19  1:38  Gateway  
  19  1:41  Probe  
  19  1:44  Assimilator  
  20  1:55  Forge  
  20  1:56  Probe  
  21  2:04  Forge  
  21  2:08  Probe (Chrono Boost)  
  21  2:13  Assimilator  
  22  2:20  Probe (Chrono Boost)  
  24  2:25  Probe (Chrono Boost)  
  24  2:26  Probe (Chrono Boost)  
  24  2:28  Cybernetics Core  
  25  2:35  Probe (Chrono Boost)  
  27  2:38  Probe (Chrono Boost)  
  27  2:45  Probe x2 (Chrono Boost)  
  29  2:53  Photon Cannon  
  29  2:56  Probe (Chrono Boost)  
  29  2:58  Probe (Chrono Boost)  
  32  3:07  Probe (Chrono Boost), Warp Gate (Chrono Boost)  
  32  3:08  Mothership Core (Chrono Boost)  
  34  3:13  Stalker, Probe  
  37  3:24  Probe  
  37  3:25  Probe  
  37  3:26  Assimilator  
  39  3:27  Assimilator  
  39  3:36  Probe  
  39  3:37  Probe  
  39  3:40  Pylon  
  41  3:48  Probe (Chrono Boost)  
  41  3:51  Probe (Chrono Boost)  
  43  4:01  Probe (Chrono Boost)  
  45  4:05  Stalker  
  45  4:07  Probe (Chrono Boost)  
  48  4:10  Probe (Chrono Boost)  
  48  4:13  Twilight Council  
  47  4:17  Gateway  
  47  4:18  Pylon  
  47  4:22  Gateway  
  47  4:24  Probe  
  46  4:34  Pylon  
  46  4:37  Photon Cannon  
  46  4:56  Stalker  
  46  5:03  Pylon  
  29  5:17  Stalker  
  29  5:18  Stalker x2  
  28  5:25  Probe x2 (Chrono Boost)  
  21  5:37  Probe (Chrono Boost)  
Show
View Real Time Build Order
Export as new Build Order

wabbajack Zerg - Winner!

Build Orders: Hatch First 

Get SALT Encoding   

  12  0:00  Drone  
  13  0:13  Overlord  
  13  0:17  Drone  
  14  0:23  Drone, Extractor  
  15  0:34  Drone  
  16  0:36  Drone  
  17  0:55  Hatchery  
  16  1:00  Drone, Extractor  
  16  1:02  Drone  
  17  1:17  Spawning Pool  
  16  1:26  Drone x2  
  16  1:31  Drone  
  19  1:39  Drone  
  20  1:52  Overlord  
  20  2:04  Queen  
  20  2:07  Queen  
  24  2:08  Zergling x2  
  24  2:11  Drone  
  26  2:22  Roach Warren, Drone  
  26  2:25  Drone  
  26  2:28  Drone  
  28  2:46  Overlord x2  
  28  2:57  Metabolic Boost  
  28  3:03  Roach  
  28  3:04  Roach x4  
  38  3:16  Roach x2  
  42  3:20  Roach  
  44  3:41  Overlord  
  44  3:43  Zergling x4  
  44  3:44  Zergling x4  
  44  3:47  Overlord  
  48  3:59  Zergling x6  
  48  4:00  Zergling x2  
  52  4:21  Zergling x16  
  48  5:12  Zergling x24  
  48  5:13  Zergling x6  
  49  5:29  Zergling x4  
Tags
 
Add a new tag
Caveats
  • Supply blocks, unpowered buildings, or Contaminate may cause inaccurate times.
  • Supply counts are checked every 10 seconds.